 Dungeon Crawl Stone Soup version 0.25-a0-1137-g7f6bfe439b (webtiles) character file.

Game seed: 15746480759490358052, levelgen mode: deterministic

74 vurker the Cudgeler (level 4, -6/45 HPs)
             Began as a Troll Chaos Knight on May 23, 2020.
             Was a Plaything of Xom.
             Impaled on a porcupine's spines (9 damage)
             ... on level 2 of the Dungeon.
             The game lasted 00:02:26 (1217 turns).

vurker the Cudgeler (Troll Chaos Knight)            Turns: 1217, Time: 00:02:27

Health: -6/45      AC:  8    Str: 21    XL:     4   Next: 9%
Magic:  3/3        EV: 10    Int:  8    God:    Xom [.....*]
Gold:   104        SH:  0    Dex:  9    Spells: 3/3 levels left

rFire    . . .     SeeInvis .   a - +0 mace (chaos)
rCold    . . .     Gourm    +   (no shield)
rNeg     + . .     Faith    .   b - +2 robe
rPois    +         Spirit   .   (helmet restricted)
rElec    .         Reflect  .   (no cloak)
rCorr    .         Harm     .   (gloves unavailable)
MR       .....                  (boots unavailable)
Stlth    +.........             c - amulet of magic regeneration
HPRegen  0.55/turn              m - ring "Bamnec" {rPois rN+}
MPRegen  0.33/turn              (no ring)

@: no status effects
A: large, unfitting armour, claws 3, fast metabolism 3, gourmand, regeneration
1, shaggy fur 1, tough skin 3
a: Renounce Religion


You were on level 2 of the Dungeon.
You worshipped Xom.
You were Xom's teddy bear.
You were completely stuffed.

You visited 1 branch of the dungeon, and saw 2 of its levels.

You collected 104 gold pieces.

Inventory:

Hand Weapons
 a - a +0 mace of chaos (weapon)
Armour
 b - a +2 robe (worn)
Jewellery
 c - an amulet of magic regeneration (around neck)
   (You found it on level 1 of the Dungeon)
 m - the ring "Bamnec" (left claw) {rPois rN+}
   (Xom gifted it to you on level 2 of the Dungeon)

   [ring of positive energy]

   It protects you from poison.
   It protects you from negative energy.
Scrolls
 g - a scroll of remove curse {unknown}
 i - a scroll of identify {unknown}
 k - a scroll of teleportation {unknown}
Potions
 d - a potion of lignification {unknown}
 f - a potion of haste {unknown}
 h - 2 potions of curing {unknown}
 j - a potion of magic {unknown}
 l - a potion of invisibility {unknown}
 o - a potion of degeneration {unknown}
Comestibles
 e - 4 rations
 n - 3 chunks of flesh


   Skills:
 + Level 3.0 Fighting
 * Level 4.0 Maces & Flails
 - Level 1.9 Dodging


You had 3 spell levels left.
You didn't know any spells.
Your spell library was empty.

Dungeon Overview and Level Annotations

Branches:
Dungeon (2/15)

Altars:
Wu Jian


Innate Abilities, Weirdness & Mutations

You are too large for most types of armour.
You have claws for hands.
Your metabolism is lightning-fast.
You like to eat raw meat.
Your natural rate of healing is unusually fast.
You are covered in fur. (AC +1)
You have extremely tough skin. (AC +3)


Message History

The adder misses you.
You closely miss the adder. The adder bites you but does no damage.
You completely miss the adder. The adder bites you but does no damage.
You closely miss the adder. The adder bites you.
You completely miss the adder.
The adder is no longer moving slowly.
The adder barely misses you.
You completely miss the adder. The adder bites you but does no damage.
The adder bites you.
You barely miss the adder. The adder barely misses you.
You sock the adder! You freeze the adder.
You kill the adder!
Your Maces & Flails skill increases to level 4!
You have reached level 4!
You butcher the adder corpse.
n - 7 chunks of flesh (gained 2)
You see here an adder skeleton. x2
Eating one of 7 chunks of flesh.
You eat one of the 7 chunks of flesh.
This raw flesh tastes great.
There is an escape hatch in the floor here.
Found an ornate altar of the Wu Jian Council.
Some of the chunks of flesh in your inventory have rotted away.
The porcupine is too close now for your liking.
A porcupine is nearby!
You aren't carrying any items that you can evoke.
Unknown command.
The porcupine barely misses you.
The porcupine bites you but does no damage.
You are struck by the porcupine's spines.
You hit the porcupine but do no damage.
The porcupine bites you but does no damage.
You closely miss the porcupine. The porcupine closely misses you.
The porcupine bites you but does no damage.
You barely miss the porcupine. The porcupine closely misses you.
You closely miss the porcupine. The porcupine bites you.
The porcupine closely misses you.
You are struck by the porcupine's spines.
You hit the porcupine. You burn the porcupine. The porcupine bites you!
* * * LOW HITPOINT WARNING * * *
You hit the porcupine. The porcupine bites you.
* * * LOW HITPOINT WARNING * * *
You are struck by the porcupine's spines.
* * * LOW HITPOINT WARNING * * *
You hit the porcupine.
The porcupine seems to speed up.
The porcupine bites you.
* * * LOW HITPOINT WARNING * * *
The porcupine barely misses you. The porcupine bites you!
* * * LOW HITPOINT WARNING * * *
You are struck by the porcupine's spines.
You die...
Xom cackles wildly!

#.# #.#######.#.# #.#
#...........### #.#
#.#######.#...## #.# #.#
#....... #.# #..<.... #.#
###......
########.######........
#...##..#.......#......
###...##@#.######.(......
#......r.#.# ###......
#......<.#.# #......
#.......##.# #......
###...####.# ######..###
#...# #.####...##..### .#
##.## #.##.#.#........ ##
....####.#####.##.._..#..####
.. .........>.....##.#.###..#


You could see a porcupine (fast).

Vanquished Creatures
  A worker ant (D:2)
  3 adders (D:2)
  A worm (D:2)
  An orc (D:2)
  2 ball pythons (D:1)
  5 bats
  6 hobgoblins
  2 frilled lizards (D:2)
  A goblin (D:2)
  A rat (D:1)
23 creatures vanquished.

Notes
Turn   | Place    | Note
-------+----------+-------------------------------------------
     0 | D:1      | vurker the Troll Chaos Knight began the quest for the Orb.
     0 | D:1      | Reached XP level 1. HP: 22/22 MP: 0/0
   137 | D:1      | XOM: divination: detect creatures
   141 | D:1      | Reached skill level 3 in Maces & Flails
   694 | D:2      | Reached XP level 2. HP: 29/29 MP: 1/1
   767 | D:2      | Reached XP level 3. HP: 36/36 MP: 2/2
   828 | D:2      | XOM: divination: detect items
   883 | D:2      | XOM: god gift: faintly glowing copper ring {god gift}
   884 | D:2      | Got a faintly glowing copper ring {god gift}
   885 | D:2      | Identified the ring "Bamnec" {rPois rN+} (Xom gifted it to
                  | you on level 2 of the Dungeon)
  1079 | D:2      | Noticed a porcupine
  1079 | D:2      | a jelly changed into a porcupine
  1079 | D:2      | XOM: polymorph jelly -> porcupine
  1082 | D:2      | XOM: butterfly on damage
  1159 | D:2      | Reached skill level 4 in Maces & Flails
  1159 | D:2      | Reached XP level 4. HP: 44/45 MP: 3/3
  1184 | D:2      | Found an ornate altar of the Wu Jian Council.
  1217 | D:2      | Impaled on a porcupine's spines

Illustrated notes

Levels and vault maps discovered:
D:1:      giann_bridges, layout_basic, chequers_serial_rivers_large_a,
          minmay_pentomino_p2
D:2:      layout_loops_ring, lemuel_crystal_altar

Skill      XL: |  1  2  3 |
---------------+----------+-----
Maces & Flails | 3 4 |  4.0
Fighting       | 3 |  3.0
Dodging        | |  1.9

Action                   |  1- 3 |  4- 6 || total
-------------------------+-------+-------++-------
Melee: Mace              |    84 |     8 ||    92
 Stab: Sleeping          |     1 |       ||     1
  Eat: Chunk             |    16 |     1 ||    17
Armor: Robe              |    64 |     3 ||    67
Dodge: Dodged            |    65 |     5 ||    70

Table legend:
 A = Non-vault XP
 B = Vault XP
 C = Vault XP percentage of total XP
 D = Non-vault monster count
 E = Vault monster count
 F = Vault count percentage of total count
                 A         B        C        D         E       F
            +---------+---------+-------+---------+---------+-------
      Total |     103 |       3 |   2.8 |      21 |       2 |   8.7
            +---------+---------+-------+---------+---------+-------
        D:1 |       7 |       3 |  30.0 |       4 |       2 |  33.3
        D:2 |      96 |       0 |   0.0 |      17 |       0 |   0.0
            +---------+---------+-------+---------+---------+-------
